A- EAST
SALEM RED SOX @ AUGUSTA GREENJACKETS
05/02/2042
 
TOP OF THE 1ST
Salem Red Sox batting - Pitching for Augusta GreenJackets : RHP Julius Martin
Pitching: RHP Julius Martin
Batting: RHB Dave Ross 0-0: Foul Ball, location: 9LSF
0-1: Ball
1-1: SINGLE (Flyball, 78S, EV 88.1 MPH)
Batting: RHB Dan Johnson 0-0: Called Strike
0-1: Ball
1-1: Ball
2-1: Ball
3-1: Bunt missed!
3-2: Ground out 6-3 (Groundball, 6, EV 83.1 MPH)
Dave Ross to second
Batting: RHB Ricky Hennessey 0-0: Called Strike
0-1: Foul Ball, location: 5FF
0-2: Foul Ball, location: 5DF
0-2: Ball
1-2: Fly out, F4 (Popup, 4D, EV 52.5 MPH)
Batting: LHB Steve Small 0-0: Ground out U3 (Groundball, 3S, EV 86.9 MPH)
Top of the 1st over - 0 runs, 1 hit, 0 errors, 1 left on base; Salem 0 - Augusta 0
BOTTOM OF THE 1ST
Augusta GreenJackets batting - Pitching for Salem Red Sox : LHP Ezra Chávez
Pitching: LHP Ezra Chávez
Batting: RHB Jesús Gonzáles 0-0: Called Strike
0-1: Ground out 2-3 (Groundball, 2L, EV 66.3 MPH)
Batting: RHB Sam Nicholas 0-0: Called Strike
0-1: Foul Ball, location: 25F
0-2: Ball
1-2: Ball
2-2: Strikes out swinging
Batting: LHB David Cruz 0-0: Swinging Strike
0-1: Foul Ball, location: 2F
0-2: Strikes out swinging
Bottom of the 1st over - 0 runs, 0 hits, 0 errors, 0 left on base; Salem 0 - Augusta 0
TOP OF THE 2ND
Salem Red Sox batting - Pitching for Augusta GreenJackets : RHP Julius Martin
Batting: RHB Leon Elkins 0-0: Called Strike
0-1: Foul Ball, location: 7LMF
0-2: Ball
1-2: Ball
2-2: SINGLE (Line Drive, 78S, EV 103.1 MPH)
Batting: LHB Len Martin 0-0: Called Strike
0-1: Sac Bunt to 15 - play at first, batter OUT! 1-3
Leon Elkins to second
Batting: RHB José Abreu 0-0: Ground out 6-3 (Groundball, 6M, EV 98.8 MPH)
Batting: LHB Domenic Merritt 0-0: Called Strike
0-1: Foul Ball, location: 3FF
0-2: Foul Ball, location: 2LF
0-2: Ball
1-2: Foul Ball, location: 3FF
1-2: Strikes out swinging
Top of the 2nd over - 0 runs, 1 hit, 0 errors, 1 left on base; Salem 0 - Augusta 0
BOTTOM OF THE 2ND
Augusta GreenJackets batting - Pitching for Salem Red Sox : LHP Ezra Chávez
Batting: RHB José García 0-0: Swinging Strike
0-1: Ball
1-1: Swinging Strike
1-2: Ball
2-2: SINGLE (Groundball, 56S, EV 67.5 MPH) (infield hit)
Batting: RHB Steve Roberts 0-0: Called Strike
0-1: Foul Ball, location: 5F
0-2: Ball
1-2: Foul Ball, location: 3F
1-2: Ball
2-2: Foul Ball, location: 9LMF
2-2: Grounds into double play, 5-4-3 (Groundball, 56S, EV 87.5 MPH)
Batting: SHB Phil Román 0-0: Ball
1-0: Foul Ball, location: 2F
1-1: Ball
2-1: Fly out, F9 (Line Drive, 89M, EV 75.0 MPH)
Bottom of the 2nd over - 0 runs, 1 hit, 0 errors, 0 left on base; Salem 0 - Augusta 0
TOP OF THE 3RD
Salem Red Sox batting - Pitching for Augusta GreenJackets : RHP Julius Martin
Batting: RHB Víctor Navarro 0-0: Ball
1-0: Ground out 4-3 (Groundball, 4, EV 84.4 MPH)
Batting: RHB Dave Ross 0-0: Called Strike
0-1: Foul Ball, location: 2F
0-2: Ball
1-2: Ball
2-2: Ball
3-2: Ground out 5-3 (Groundball, 56, EV 83.8 MPH)
Batting: RHB Dan Johnson 0-0: Fly out, F6 (Popup, 15, EV 64.4 MPH)
Top of the 3rd over - 0 runs, 0 hits, 0 errors, 0 left on base; Salem 0 - Augusta 0
BOTTOM OF THE 3RD
Augusta GreenJackets batting - Pitching for Salem Red Sox : LHP Ezra Chávez
Pitching: RHP Octávio Garza
Batting: LHB Raúl Flores 0-0: Ball
1-0: Ground out 1-3 (Groundball, P, EV 66.9 MPH)
Batting: RHB Steve Mason 0-0: Swinging Strike
0-1: Foul Ball, location: 2F
0-2: Ball
1-2: Ball
2-2: SOLO HOME RUN (Flyball, 7D, EV 98.1 MPH), Distance : 383 ft
Batting: RHB Dylan Younger 0-0: Called Strike
0-1: Swinging Strike
0-2: Strikes out swinging
Batting: RHB Jesús Gonzáles 0-0: Ground out 1-3 (Groundball, 13S, EV 68.8 MPH)
Bottom of the 3rd over - 1 run, 1 hit, 0 errors, 0 left on base; Salem 0 - Augusta 1
TOP OF THE 4TH
Salem Red Sox batting - Pitching for Augusta GreenJackets : RHP Julius Martin
Batting: RHB Ricky Hennessey 0-0: Ball
1-0: Ground out 4-3 (Groundball, 4, EV 88.1 MPH)
Batting: LHB Steve Small 0-0: Ball
1-0: Ball
2-0: Called Strike
2-1: Ball
3-1: Base on Balls
Batting: RHB Leon Elkins 0-0: DOUBLE (Line Drive, 8LXD, EV 100.6 MPH)
Steve Small to third
Runner from 3rd tries for Home, SAFE, no throw by CF
Batting: LHB Len Martin 0-0: Called Strike
0-1: Ball
1-1: Swinging Strike
1-2: Hit by Pitch
Batting: RHB José Abreu 0-0: Ball
1-0: Ball
2-0: Foul Ball, location: 25F
2-1: 3-RUN HOME RUN (Flyball, 89XD, EV 107.5 MPH), Distance : 414 ft
Batting: LHB Domenic Merritt 0-0: Ball
1-0: Ball
2-0: Foul Ball, location: 2F
2-1: DOUBLE (Flyball, 8RXD, EV 105.0 MPH)
Batting: RHB Víctor Navarro 0-0: Called Strike
0-1: Ball
1-1: Ball
2-1: Fly out, F6 (Popup, 6MS, EV 64.4 MPH)
Batting: RHB Dave Ross 0-0: Ball
1-0: Ball
2-0: SINGLE (Groundball, 4D, EV 108.8 MPH)
Domenic Merritt to third
Runner from 3rd tries for Home, SAFE, throw by RF to home
Pitching: RHP Micheal Rogers
Batting: RHB Dan Johnson 0-0: Ball
1-0: Swinging Strike
1-1: DOUBLE (Flyball, 89D, EV 91.3 MPH)
Dave Ross to third
Batting: RHB Ricky Hennessey 0-0: Foul Ball, location: 2F
0-1: Ball
1-1: Ball
2-1: Swinging Strike
2-2: Foul Ball, location: 2F
2-2: Fly out, F7 (Flyball, 7S, EV 89.4 MPH)
Top of the 4th over - 5 runs, 5 hits, 0 errors, 2 left on base; Salem 5 - Augusta 1
BOTTOM OF THE 4TH
Augusta GreenJackets batting - Pitching for Salem Red Sox : RHP Octávio Garza
Batting: RHB Sam Nicholas 0-0: Ball
1-0: Ground out 6-3 (Groundball, 6, EV 100.6 MPH)
Batting: LHB David Cruz 0-0: Called Strike
0-1: Ball
1-1: Foul Ball, location: 2F
1-2: Strikes out looking
Batting: RHB José García 0-0: Foul Ball, location: 2F
0-1: Ball
1-1: Ball
2-1: Fly out, F6 (Popup, P, EV 83.8 MPH)
Bottom of the 4th over - 0 runs, 0 hits, 0 errors, 0 left on base; Salem 5 - Augusta 1
TOP OF THE 5TH
Salem Red Sox batting - Pitching for Augusta GreenJackets : RHP Micheal Rogers
Batting: LHB Steve Small 0-0: Called Strike
0-1: Ball
1-1: Called Strike
1-2: Strikes out swinging
Batting: RHB Leon Elkins 0-0: Called Strike
0-1: Ball
1-1: Ball
2-1: Ball
3-1: Ground out 6-3 (Groundball, 56, EV 80.0 MPH)
Batting: LHB Len Martin 0-0: Ball
1-0: Foul Ball, location: 7LDF
1-1: Foul Ball, location: 25FF
1-2: Foul Ball, location: 5F
1-2: Fly out, F7 (Flyball, 7S, EV 96.9 MPH)
Top of the 5th over - 0 runs, 0 hits, 0 errors, 0 left on base; Salem 5 - Augusta 1
BOTTOM OF THE 5TH
Augusta GreenJackets batting - Pitching for Salem Red Sox : RHP Octávio Garza
Batting: RHB Steve Roberts 0-0: DOUBLE (Line Drive, 5D, EV 94.4 MPH)
Batting: SHB Phil Román 0-0: Called Strike
0-1: Ball
1-1: Ball
2-1: Ball
3-1: Base on Balls
Batting: LHB Raúl Flores 0-0: Grounds into double play, 4-6-3 (Groundball, 34, EV 88.8 MPH)
Steve Roberts to third
Batting: RHB Steve Mason 0-0: Ball
1-0: Foul Ball, location: 9LDF
1-1: Swinging Strike
1-2: DOUBLE (Line Drive, 89D, EV 100.0 MPH)
Steve Roberts scores
Batting: RHB Dylan Younger 0-0: Ball
1-0: Ball
2-0: Called Strike
2-1: Ball
3-1: Swinging Strike
3-2: SINGLE (Groundball, 6S, EV 63.8 MPH) (infield hit)
Steve Mason to third
Batting: RHB Jesús Gonzáles 0-0: Called Strike
0-1: SINGLE (Line Drive, 56D, EV 96.9 MPH)
Steve Mason scores
Dylan Younger to second
Batting: RHB Sam Nicholas 0-0: Called Strike
0-1: Foul Ball, location: 23F
0-2: Ball
1-2: Foul Ball, location: 2F
1-2: Ball
2-2: Fly out, F7 (Flyball, 7S, EV 98.8 MPH)
Bottom of the 5th over - 2 runs, 4 hits, 0 errors, 2 left on base; Salem 5 - Augusta 3
TOP OF THE 6TH
Salem Red Sox batting - Pitching for Augusta GreenJackets : RHP Micheal Rogers
Batting: RHB José Abreu 0-0: Ball
1-0: Ball
2-0: Foul Ball, location: 2F
2-1: Foul Ball, location: 2F
2-2: Fly out, F8 (Flyball, 78M, EV 96.9 MPH)
Batting: LHB Domenic Merritt 0-0: Swinging Strike
0-1: Foul Ball, location: 7LMF
0-2: Strikes out looking
Batting: RHB Víctor Navarro 0-0: Called Strike
0-1: Foul Ball, location: 9LSF
0-2: Strikes out swinging
Top of the 6th over - 0 runs, 0 hits, 0 errors, 0 left on base; Salem 5 - Augusta 3
BOTTOM OF THE 6TH
Augusta GreenJackets batting - Pitching for Salem Red Sox : RHP Octávio Garza
Batting: LHB David Cruz 0-0: Ball
1-0: SINGLE (Flyball, 89S, EV 95.0 MPH)
Batting: RHB José García 0-0: Called Strike
0-1: Called Strike
0-2: Foul Ball, location: 25F
0-2: Foul Ball, location: 7LMFF
0-2: Ball
1-2: Foul Ball, location: 2F
1-2: Ball
2-2: Ball
3-2: Foul Ball, location: 2RF
3-2: Foul Ball, location: 9LSF
3-2: Base on Balls
David Cruz to second
Pinch Hitting: LHB Jeff Cantrell 0-0: Ball
1-0: Swinging Strike
1-1: Foul Ball, location: 2LF
1-2: Strikes out swinging
Batting: SHB Phil Román 0-0: Called Strike
0-1: Foul Ball, location: 5DF
0-2: Ball
1-2: Fly out, F9 (Line Drive, 9S, EV 94.4 MPH)
Batting: LHB Raúl Flores 0-0: Fly out, F8 (Flyball, 8RS, EV 83.8 MPH)
Bottom of the 6th over - 0 runs, 1 hit, 0 errors, 2 left on base; Salem 5 - Augusta 3
TOP OF THE 7TH
Salem Red Sox batting - Pitching for Augusta GreenJackets : RHP Micheal Rogers
Now in LF: José Sullivan
Batting: RHB Dave Ross 0-0: Called Strike
0-1: Ball
1-1: Ball
2-1: Foul Ball, location: 7LMFF
2-2: Ball
3-2: Fly out, F8 (Flyball, 8RXD, EV 105.0 MPH)
Batting: RHB Dan Johnson 0-0: Ball
1-0: Ground out 1-3 (Groundball, 13S, EV 66.9 MPH)
Batting: RHB Ricky Hennessey 0-0: Ball
1-0: Swinging Strike
1-1: Foul Ball, location: 7LMF
1-2: Ball
2-2: Fly out, F6 (Popup, P, EV 81.9 MPH)
Top of the 7th over - 0 runs, 0 hits, 0 errors, 0 left on base; Salem 5 - Augusta 3
BOTTOM OF THE 7TH
Augusta GreenJackets batting - Pitching for Salem Red Sox : RHP Octávio Garza
Batting: RHB Steve Mason 0-0: Ball
1-0: DOUBLE (Flyball, 89D, EV 110.0 MPH)
Batting: RHB Dylan Younger 0-0: Ball
1-0: Ball
2-0: Ground out 4-3 (Groundball, 4, EV 90.0 MPH)
Steve Mason to third
Batting: RHB Jesús Gonzáles 0-0: Called Strike
0-1: Ball
1-1: Ball
2-1: Swinging Strike
2-2: Strikes out swinging
Pitching: RHP Ed Fuller
Batting: RHB Sam Nicholas 0-0: Called Strike
0-1: SINGLE (Line Drive, 6MD, EV 101.9 MPH)
Steve Mason scores
Batting: LHB David Cruz 0-0: Foul Ball, location: 3F
0-1: Foul Ball, location: 23FF
0-2: Ball
1-2: Ball
2-2: Ground out 6-3 (Groundball, 6S, EV 90.6 MPH)
Bottom of the 7th over - 1 run, 2 hits, 0 errors, 1 left on base; Salem 5 - Augusta 4
TOP OF THE 8TH
Salem Red Sox batting - Pitching for Augusta GreenJackets : RHP Micheal Rogers
Batting: LHB Steve Small 0-0: Called Strike
0-1: Ball
1-1: Ball
2-1: Foul Ball, location: 2F
2-2: Strikes out swinging
Batting: RHB Leon Elkins 0-0: SINGLE (Groundball, 4MD, EV 102.5 MPH)
Batting: LHB Len Martin 0-0: Called Strike
0-1: Swinging Strike
0-2: SINGLE (Groundball, 4MD, EV 100.0 MPH)
Leon Elkins to second
Pinch Runner at 2nd David Cavazos:
Batting: RHB José Abreu 0-0: Called Strike
0-1: Foul Ball, location: 9LMF
0-2: DOUBLE (Flyball, 8RXD, EV 111.3 MPH)
David Cavazos scores
Len Martin to third
Runner from 3rd tries for Home, SAFE, throw by CF to home
Batting: LHB Domenic Merritt 0-0: Ball
1-0: Swinging Strike
1-1: Ball
2-1: Ball
3-1: Base on Balls
Pitching: RHP Miguel Angel Duarte
Batting: RHB Víctor Navarro 0-0: Called Strike
0-1: Fly out, F9 (Flyball, 89M, EV 99.4 MPH)
Batting: RHB Dave Ross 0-0: Called Strike
0-1: Foul Ball, location: 2RF
0-2: Ball
1-2: Ball
2-2: Foul Ball, location: 5F
2-2: Foul Ball, location: 2F
2-2: Strikes out looking
Top of the 8th over - 2 runs, 3 hits, 0 errors, 2 left on base; Salem 7 - Augusta 4
BOTTOM OF THE 8TH
Augusta GreenJackets batting - Pitching for Salem Red Sox : RHP Ed Fuller
Now at 1B: Alfredo Rivera
Now in RF: David Cavazos
Batting: RHB José García 0-0: Ball
1-0: Ball
2-0: Ball
3-0: Called Strike
3-1: Swinging Strike
3-2: Strikes out swinging
Batting: LHB José Sullivan 0-0: Ball
1-0: Called Strike
1-1: Ground out 6-3 (Groundball, 6, EV 89.4 MPH)
Batting: SHB Phil Román 0-0: Called Strike
0-1: Ground out 3-1 (Groundball, 34S, EV 87.5 MPH)
Bottom of the 8th over - 0 runs, 0 hits, 0 errors, 0 left on base; Salem 7 - Augusta 4
TOP OF THE 9TH
Salem Red Sox batting - Pitching for Augusta GreenJackets : RHP Miguel Angel Duarte
Batting: RHB Dan Johnson 0-0: Called Strike
0-1: Fly out, F6 (Popup, 56D, EV 55.0 MPH)
Batting: RHB Ricky Hennessey 0-0: Fly out, F6 (Popup, 6MD, EV 55.0 MPH)
Batting: RHB Alfredo Rivera 0-0: Called Strike
0-1: Ball
1-1: Called Strike
1-2: Strikes out swinging
Top of the 9th over - 0 runs, 0 hits, 0 errors, 0 left on base; Salem 7 - Augusta 4
BOTTOM OF THE 9TH
Augusta GreenJackets batting - Pitching for Salem Red Sox : RHP Ed Fuller
Pitching: RHP Luis Lerma
Batting: LHB Raúl Flores 0-0: Called Strike
0-1: Foul Ball, location: 7LMF
0-2: Ball
1-2: Fly out, F6 (Popup, 6M, EV 55.6 MPH)
Batting: RHB Steve Mason 0-0: Ball
1-0: Ball
2-0: Swinging Strike
2-1: Ball
3-1: Foul Ball, location: 2F
3-2: Strikes out swinging
Pinch Hitting: LHB Orlando Santana 0-0: Ball
1-0: Foul Ball, location: 2F
1-1: DOUBLE (Flyball, 78D, EV 100.6 MPH)
Batting: RHB Jesús Gonzáles 0-0: Called Strike
0-1: Ball
1-1: Ball
2-1: Ball
3-1: Base on Balls
Batting: RHB Sam Nicholas 0-0: Swinging Strike
0-1: SINGLE (Groundball, 34D, EV 101.9 MPH)
Orlando Santana to third
Jesús Gonzáles to second
Batting: LHB David Cruz 0-0: Called Strike
0-1: Swinging Strike
0-2: Ball
1-2: Ball
2-2: SINGLE (Groundball, 34S, EV 66.3 MPH) (infield hit)
Orlando Santana scores
Jesús Gonzáles to third
Sam Nicholas to second
Batting: RHB José García 0-0: Ball
1-0: Fly out, F9 (Flyball, 9LD, EV 109.4 MPH)
Bottom of the 9th over - 1 run, 3 hits, 0 errors, 3 left on base; Salem 7 - Augusta 5
Monday, May 6th , 2024 - OOTP Baseball 24.10 Build 82